 Dungeon Crawl Stone Soup version 0.31.0-32-g396128a36d (webtiles) character file.

Game seed: 17234700207281880301

339 gohu the Magician (level 6, 0/40 HPs)
             Began as a Djinni Fire Elementalist on Mar 12, 2024.
             Slain by a gnoll
             ... wielding a +0 spear
             ... led by a gnoll bouda
              (4 damage)
             ... on level 4 of the Dungeon.
             The game lasted 00:06:11 (3182 turns).

gohu the Magician (Djinni Fire Elementalist)        Turns: 3182, Time: 00:06:12

Health: 0/40       AC:  3    Str:  7    XL:     6   Next: 86%
Gold:   169        EV: 12    Int: 19    God:
                   SH:  0    Dex: 13

rFire   + + .        (no weapon)
rCold   x . .        (no shield)
rNeg    . . .        a - +0 robe
rPois   ∞            (no helmet)
rElec   .            (no cloak)
rCorr   .            d - +0 pair of gloves
SInv    .            (boots unavailable)
Will    .....        (no amulet)
Stlth   ++           (no ring)
HPRegen 0.26/turn    (no ring)
MPRegen 0.00/turn

%: infuse magic (-1 HP)
@: flying
A: sickness immunity, fire resistance 2, cold vulnerability 1, float, innate
caster, HP casting, extra vitality 1
a: no special abilities


You were on level 4 of the Dungeon.
You visited 1 branch of the dungeon, and saw 4 of its levels.

You collected 193 gold pieces.
You spent 24 gold pieces at shops.

Inventory:

Hand Weapons
 j - a +0 short sword of speed
Armour
 a - a +0 robe (worn)
 d - a +0 pair of gloves (worn)
Wands
 m - a wand of roots (1)
 u - a wand of digging (3)
Scrolls
 b - a scroll of amnesia {unknown}
 e - 3 scrolls of identify
 h - a scroll of vulnerability {unknown}
 i - a scroll of enchant armour {unknown}
 l - a scroll of acquirement {unknown}
 q - a scroll of butterflies {unknown}
 r - a scroll of teleportation {unknown}
Potions
 c - a potion of mutation {unknown}
 f - a potion of attraction {unknown}
 g - 2 potions of curing {unknown}
 k - a potion of haste {unknown}
 n - a potion of invisibility {unknown}
 o - a potion of might {unknown}
 p - a potion of brilliance {unknown}
 s - a potion of resistance {unknown}
 t - a potion of cancellation {unknown}


   Skills:
 - Level 2.1 Dodging
 - Level 1.5 Stealth
 * Level 5.9 Spellcasting
 * Level 5.9 Conjurations
 * Level 5.9 Hexes
   Level 0.0 Charms
 * Level 5.9 Summonings
 * Level 5.9 Necromancy
 * Level 5.9 Translocations
   Level 0.0 Transmutations
 * Level 5.9 Fire Magic
 * Level 5.9 Ice Magic
 * Level 5.9 Air Magic
 * Level 5.9 Earth Magic
 * Level 5.9 Alchemy


You knew the following spells:

 Your Spells              Type           Power      Damage    Failure   Level
a - Foxfire               Conj/Fire      100%       2x1d9     1%          1
b - Scorch                Fire           56%        2d7       1%          2
c - Volatile Blastmotes   Fire/Tloc      56%        2d14      3%          3
d - Call Imp              Summ           56%        N/A       1%          2
e - Flame Wave            Conj/Fire      28%        2d9       10%         4
f - Sandblast             Erth           56%        2d13      1%          1
g - Inner Flame           Hex/Fire       28%        N/A       3%          3
Your spell library was empty.

Dungeon Overview and Level Annotations

Branches:
Dungeon (4/15)
 Temple: D:4-7

Altars:
Cheibriados
Okawaru

Shops:
D:1 =((*

Annotations:
D:4 1 runed translucent door


Innate Abilities, Weirdness & Mutations

You are immune to sickness and miasma.
You are immune to poison.
Your flesh is very heat resistant. (rF++)
You are vulnerable to cold. (rC-)
You float through the air rather than walking.
You learn spells naturally, not from books.
Your magical power is your life essence.
You have superior vitality. (+4 MHP)


Message History

The foxfire hits the gnoll.
The gnoll is moderately wounded.
Casting: Foxfire (safe; 1% risk of failure)
Confirm with . or Enter, or press ? or * to list all spells.
You conjure some foxfire!
The gnoll bouda utters an invocation to its god.
The gnoll bouda is healed somewhat.
Your cerulean imp hits the gnoll bouda with a -2 spear.
The foxfire hits the gnoll.
The gnoll is moderately wounded.
The foxfire hits the gnoll.
The gnoll is severely wounded.
The gnoll bouda mumbles some strange prayers to its god.
The gnoll bouda is healed somewhat.
The gnoll misses you. The gnoll closely misses you.
Your cerulean imp hits the gnoll bouda with a -2 spear.
The gnoll attacks as it pursues you!
The gnoll hits you from afar with a +0 spear!
Your cerulean imp hits the gnoll bouda but does no damage.
The gnoll bouda hits your cerulean imp with a +0 club.
Your cerulean imp hits the gnoll bouda with a -2 spear.
Your attacks no longer feel as feeble.
The gnoll attacks as it pursues you!
The gnoll hits you from afar with a +0 spear.
Your cerulean imp hits the gnoll bouda with a -2 spear.
The gnoll closely misses you. The gnoll attacks as it pursues you!
The gnoll hits you from afar with a +0 spear.
The gnoll attacks as it pursues you!
The gnoll hits you from afar with a +0 spear!
* * * LOW HITPOINT WARNING * * *
The gnoll attacks as it pursues you! The gnoll closely misses you.
The gnoll barely misses you. The gnoll attacks as it pursues you!
The gnoll hits you from afar with a +0 spear.
* * * LOW HITPOINT WARNING * * *
Your cerulean imp hits the iguana with a -2 spear.
The gnoll attacks as it pursues you!
The gnoll hits you from afar with a +0 spear.
You die...

.###. #...<......# ..#
...##. #..)).....####..###
.......#.................##
.........(................##
..##...).(.......##........#
#.##..[..........#(..#.....#
l<...)..5........##.#.....#
.....g...l....g...#.#..##.#
...........#..g.@.#....# #
.............g..).)...##
.......###.##...###'#####
..o............##≈≈.≈≈#v#
##..............#≈#.#≈#.##
....####.#....'.)_†.'.<#
...#....#≈#.#≈#.##
....#(..#≈≈.≈≈###
#...o###'###


You could see an iguana and 3 gnolls.

Vanquished Creatures
  A howler monkey (D:3)
  A bombardier beetle (D:3)
  3 orc priests (D:4)
  An orc wizard (D:4)
  3 gnolls (D:4)
  3 adders
  5 dart slugs
  4 orcs
  7 endoplasms
  11 giant cockroaches (D:2)
  3 goblins
  2 hobgoblins
  9 jackals
  5 kobolds
  3 quokkas
  8 ball pythons
  7 bats
  2 frilled lizards
  9 rats
87 creatures vanquished.

Vanquished Creatures (collateral kills)
  An orc (D:4)
1 creature vanquished.

Vanquished Creatures (others)
  234 foxfires
234 creatures vanquished.

Grand Total: 322 creatures vanquished

Notes
Turn   | Place    | Note
-------+----------+-------------------------------------------
     0 | D:1      | gohu the Djinni Fire Elementalist began the quest for the
                  | Orb.
     0 | D:1      | gohu set off with the following spells memorised: Foxfire,
                  | Scorch, Volatile Blastmotes, Inner Flame, Flame Wave.
     0 | D:1      | Reached XP level 1. HP: 15/15 MP: 0/0
    15 | D:1      | Found Syocle's Jewellery Boutique.
   123 | D:1      | Found a faded altar of an unknown god.
   134 | D:1      | Reached XP level 2. HP: 17/21 MP: 0/0
   325 | D:1      | Reached XP level 3. HP: 25/25 MP: 0/0
   325 | D:1      | Learned a level 1 spell: Sandblast
   416 | D:1      | Found Moifo's General Store.
   420 | D:1      | Bought a scroll of identify for 24 gold pieces
   446 | D:1      | Found Emudodgh's Weapon Emporium.
   877 | D:1      | Found Qoxen's Antique Weapon Emporium.
  1062 | D:2      | Reached XP level 4. HP: 30/31 MP: 0/0
  1107 | D:2      | Found a snail-covered altar of Cheibriados.
  1714 | D:3      | Reached XP level 5. HP: 30/35 MP: 0/0
  1714 | D:3      | Learned a level 2 spell: Call Imp
  1972 | D:3      | Found an iron altar of Okawaru.
  2230 | D:3      | Reached skill level 5 in Spellcasting
  2230 | D:3      | Reached skill level 5 in Conjurations
  2230 | D:3      | Reached skill level 5 in Hexes
  2230 | D:3      | Reached skill level 5 in Summonings
  2230 | D:3      | Reached skill level 5 in Necromancy
  2230 | D:3      | Reached skill level 5 in Translocations
  2230 | D:3      | Reached skill level 5 in Fire Magic
  2230 | D:3      | Reached skill level 5 in Ice Magic
  2230 | D:3      | Reached skill level 5 in Air Magic
  2230 | D:3      | Reached skill level 5 in Earth Magic
  2230 | D:3      | Reached skill level 5 in Alchemy
  2558 | D:4      | Reached XP level 6. HP: 22/40 MP: 0/0
  2657 | D:4      | Found a runed translucent gate.
  2692 | D:4      | Found a snail-covered altar of Cheibriados.
  3182 | D:4      | Slain by a gnoll

Illustrated notes

Levels and vault maps discovered:
D:1:      tarquinn_simple_flora_water_b, layout_loops_ring,
          basic_ecumenical_altar, serial_shops, nicolae_shop_gaudy_bauble,
          nicolae_shop_pleasant_corner_grove, nicolae_shop_back_alley_shop, shop
D:2:      minmay_roachtagon, layout_rooms, basic_altar, serial_glass,
          glass_columns_a, glass_columns_a
D:3:      layout_loops_corners, overflow_temple_1_default
D:4:      layout_cave_pools, kennysheep_little_box, gammafunk_ghost_cemetery

Skill      XL: |  1  2  3  4  5 |
---------------+----------------+-----
Spellcasting   | 4 5 |  5.9
Conjurations   | 4 5 |  5.9
Hexes          | 4 5 |  5.9
Summonings     | 4 5 |  5.9
Necromancy     | 4 5 |  5.9
Translocations | 4 5 |  5.9
Fire Magic     | 4 5 |  5.9
Ice Magic      | 4 5 |  5.9
Air Magic      | 4 5 |  5.9
Earth Magic    | 4 5 |  5.9
Alchemy        | 4 5 |  5.9
Dodging        | |  2.1
Stealth        | |  1.5

Action                     |  1- 3 |  4- 6 || total
---------------------------+-------+-------++-------
   Cast: Foxfire           |    58 |    82 ||   140
         Scorch            |    13 |    26 ||    39
         Call Imp          |       |     7 ||     7
 Armour: Robe              |     7 |    27 ||    34
  Dodge: Dodged            |    18 |    29 ||    47
